 Dungeon Crawl Stone Soup version 0.13.0-17-g5f0e85f (webtiles) character file.

157 Impy the Ducker (level 3, 0/25 HPs)
             Began as a Demonspawn Gladiator on Oct 21, 2013.
             Killed from afar by an orc wizard (7 damage)
             ... with a magic dart
             ... on Level 3 of the Dungeon.
             The game lasted 00:05:13 (1375 turns).

Impy the Ducker (Demonspawn Gladiator)              Turns: 1375, Time: 00:05:13

HP   0/25        AC  3     Str 15      XL: 3   Next: 73%
MP   2/2         EV 12     Int 15      God:
Gold 100         SH  0     Dex 13      Spells:  0 memorised,  2 levels left

Res.Fire  : . . .   See Invis. : .   a - +0 trident
Res.Cold  : + . .   Warding    : .   b - +0 leather armour
Life Prot.: . . .   Conserve   : .   (no shield)
Res.Poison: +       Res.Corr.  : .   (helmet restricted)
Res.Elec. : .       Clarity    : .   (no cloak)
Sust.Abil.: . .     Spirit.Shd : .   (no gloves)
Res.Mut.  : .       Stasis     : .   (no boots)
Res.Rott. : .       Flight     : .   (no amulet)
Saprovore : . . .                    (no ring)
                                     (no ring)

@: brilliant, not resistant to hostile enchantments, fairly stealthy
A: horns 1, cold resistance 1, -10% hp, nightstalker 1, poison resistance
a: no special abilities


You were on level 3 of the Dungeon.
You were not hungry.

You visited 1 branch of the dungeon, and saw 3 of its levels.

You collected 80 gold pieces.

Inventory:

Hand weapons
 a - a +0,+0 trident (weapon)
Missiles
 d - 3 throwing nets (quivered)
 n - 6 javelins
Armour
 b - a +0 leather armour (worn)
 c - a +0 helmet
Comestibles
 f - 5 bread rations
 t - an apple
 v - a chunk of giant cockroach flesh
Scrolls
 g - 2 scrolls of enchant weapon I {unknown}
 h - 4 scrolls of remove curse {unknown}
 i - 2 scrolls of blinking {unknown}
 l - 2 scrolls of noise {unknown}
 o - 2 scrolls of identify {unknown}
 r - a scroll of curse weapon {unknown}
 s - a scroll of teleportation {unknown}
 u - a scroll of magic mapping {unknown}
Potions
 j - a potion of mutation
 k - a potion of invisibility {unknown}
 m - a potion of curing {unknown}
 p - a potion of brilliance
 q - a potion of slowing {unknown}


   Skills:
 - Level 2.0 Fighting
 + Level 3.5 Polearms
 - Level 1.7 Throwing
 + Level 3.6 Dodging


You had 2 spell levels left.
You didn't know any spells.

Dungeon Overview and Level Annotations

Branches:
Dungeon (3/27)

Altars:
Fedhas


Innate Abilities, Weirdness & Mutations

You have a pair of small horns on your head.
You are slightly more attuned to the shadows.
Your flesh is cold resistant.
You are frail (-10% HP).
Your system is resistant to poisons.


Message History

You reach to attack!
You closely miss the orc. It hits you.
Drink which item? (? for menu, Esc to quit)
You feel extremely strange.
You feel frail.
You feel healthy.
You feel hot for a moment.
It was a potion of mutation.
The orc hits you with an orcish mace.
Read which item? (? for menu, Esc to quit)
As you read the scroll labeled KHAUCZ MYTTUIS, it crumbles to dust.
You assume a fearsome visage.
The orc looks frightened!
The orc looks frightened!
It was a scroll of fear.
You closely miss it. You headbutt it.
You hear some strange, mumbled words.
The puff of flame hits you!
* * * LOW HITPOINT WARNING * * *
The orc wails, "Help!"
Drink which item? (? for menu, Esc to quit)
You feel more clever all of a sudden.
It was a potion of brilliance.
You hear some strange, mumbled words.
The magic dart hits you!
You die...

....# #....................
....# #..............#####.
##..# #..............# #.
#..#########..####........#
#. #.............#
#........# #.
#.............# #........
#.
#..##.######..####o<..... .
#..##.## #..............
##..#...# #.).@.)o.......
#.......## #..####........#
..#####..# #..# #........#
#...##.# #..# #........#
.....#.####..####o.......
...>..#...........o.......
.....#....>.............
#...##.#.#.....o........
####....#............


You could see 2 orcs.

Vanquished Creatures
  2 adders (D:2)
  3 giant geckos (D:2)
  An ooze (D:3)
  3 bats
  3 giant cockroaches
  4 hobgoblins
  3 kobolds
  4 giant newts
  6 goblins
  A quokka (D:2)
  9 rats
39 creatures vanquished.

Notes
Turn   | Place    | Note
--------------------------------------------------------------
     0 | D:1      | Impy, the Demonspawn Gladiator, began the quest for the Orb.
     0 | D:1      | Reached XP level 1. HP: 17/17 MP: 0/0
   224 | D:1      | Reached skill level 3 in Polearms
   224 | D:1      | Gained mutation: You are slightly more attuned to the shadows. [demonic ancestry]
   224 | D:1      | Reached XP level 2. HP: 21/23 MP: 1/1
   675 | D:2      | Found a blossoming altar of Fedhas.
   717 | D:2      | Gained mutation: You have a pair of small horns on your head. [demonic ancestry]
   717 | D:2      | Reached XP level 3. HP: 25/28 MP: 2/2
  1372 | D:3      | Gained mutation: You are frail (-10% HP). [potion of mutation]
  1372 | D:3      | Gained mutation: Your system is resistant to poisons. [potion of mutation]
  1372 | D:3      | Gained mutation: Your flesh is cold resistant. [potion of mutation]
  1375 | D:3      | Killed from afar by an orc wizard

Action                   || total
-------------------------++-------
Melee: Trident           ||   127
Throw: Throwing net      ||     2
  Use: Potion            ||     2
       Scroll            ||     1
 Stab: Sleeping          ||     5
       Held in net/web   ||     1
